 Dungeon Crawl Stone Soup version 0.17.1-2-g5865329 (webtiles) character file.

81 xeno23 the Charmwright (level 4, 0/30 HPs)
             Began as a High Elf Skald on Jan 30, 2016.
             Slain by a centaur zombie (7 damage)
             ... on level 3 of the Dungeon.
             The game lasted 00:08:51 (2554 turns).

xeno23 the Charmwright (High Elf Skald)             Turns: 2554, Time: 00:08:51

Health: 0/30       AC:  3    Str: 12    XL:     4   Next: 20%
Magic:  2/9        EV: 12    Int: 15    God:
Gold:   194        SH:  0    Dex: 15    Spells: 3 memorised, 2 levels left

rFire  . . .     SeeInvis .     a - +0 falchion
rCold  . . .     Clarity  .     b - +0 leather armour
rNeg   . . .     SustAt   .     (no shield)
rPois  +         Gourm    .     (no helmet)
rElec  .         Spirit   .     (no cloak)
rCorr  .         Warding  .     (no gloves)
rMut   .         Stasis   .     (no boots)
MR     .....                    (no amulet)
Stlth  +.........               n - ring of poison resistance
                                k - ring of flight

@: not resistant to hostile enchantments, very unstealthy
A: no striking features
a: Evoke Flight


You were on level 3 of the Dungeon.
You were very hungry.

You visited 1 branch of the dungeon, and saw 3 of its levels.

You collected 194 gold pieces.

Inventory:

Hand Weapons
 a - a +0 falchion (weapon)
 o - a +0 dagger of venom
Armour
 b - a +0 leather armour (worn)
 q - a +0 ring mail
Jewellery
 k - a ring of flight (left hand)
 n - a ring of poison resistance (right hand)
Scrolls
 f - 5 scrolls of teleportation {unknown}
 g - 3 scrolls of identify {unknown}
 h - a scroll of enchant armour {unknown}
 j - a scroll of amnesia {unknown}
 p - a scroll of blinking {unknown}
Potions
 e - a potion of degeneration {unknown}
 i - a potion of cancellation {unknown}
Books
 c - a book of Battle

   Spells                             Type                      Level
   a - Infusion                       Charms                       1
   b - Shroud of Golubria             Charms/Translocation         2
   c - Song of Slaying                Charms                       2
   d - Spectral Weapon                Hexes/Charms                 3
   e - Regeneration                   Charms/Necromancy            3
Comestibles
 d - 2 bread rations
 l - a beef jerky
 m - 3 fruits


   Skills:
 + Level 2.3 Fighting
 * Level 3.6 Long Blades
 + Level 1.2 Armour
 + Level 2.1 Dodging
 + Level 2.7 Spellcasting
 * Level 4.0 Charms
 + Level 0.9 Translocations


You had 2 spell levels left.
You knew the following spells:

 Your Spells              Type           Power        Failure   Level  Hunger
a - Infusion              Chrm           ##....       6%          1    #......
d - Shroud of Golubria    Chrm/Tloc      #.........   17%         2    ##.....
e - Regeneration          Chrm/Necr      #.........   38%         3    ###....


Dungeon Overview and Level Annotations

Branches:
Dungeon (3/15)

Altars:
Makhleb
Trog


Message History

You hit the centaur zombie. The centaur zombie hits you.
The centaur zombie closely misses you.
You take 5 damage.
Casting: Infusion
Confirm with . or Enter, or press ? or * to list all spells.
You don't know that spell.
You hit the centaur zombie! The centaur zombie hits you.
You take 4 damage.
You slash the centaur zombie! The centaur zombie hits you.
The kobold hits you with a short sword. The centaur zombie barely misses you.
A jackal zombie comes into view.
You take 5 damage.
You hit the centaur zombie. The centaur zombie hits you.
* * * LOW HITPOINT WARNING * * *
The kobold hits you but does no damage.
You take 4 damage.
Your leather armour prevents you from hitting the centaur zombie.
You are no longer magically infusing your attacks.
The centaur zombie hits you!
You die...

.... ######...##
#..........
#......P≈≈≈
#........≈≈
#........≈≈
#....?..Z≈.
########..K.....!≈
.........@Z.......
#######..............
#...# #.............<
#..# #............$.
#..###†.............
#.........##########
###'########
#.......#
#.......#########


You could see a jackal zombie, a centaur zombie and a kobold.

Vanquished Creatures
  2 adders (D:2)
  3 worms (D:2)
  A ball python (D:2)
  3 giant cockroaches
  5 goblins
  10 hobgoblins
  8 jackals
  6 kobolds
  5 bats
  A giant gecko skeleton (D:3)
  A giant newt (D:2)
  6 rats
  A fungus (D:1)
52 creatures vanquished.

Notes
Turn   | Place    | Note
--------------------------------------------------------------
     0 | D:1      | xeno23 the High Elf Skald began the quest for the Orb.
     0 | D:1      | Reached XP level 1. HP: 14/14 MP: 4/4
    38 | D:1      | Reached skill level 1 in Armour
    58 | D:1      | Reached XP level 2. HP: 9/19 MP: 1/6
   220 | D:1      | Learned a level 2 spell: Shroud of Golubria
   971 | D:2      | Reached XP level 3. HP: 7/24 MP: 0/7
  1276 | D:2      | Learned a level 3 spell: Regeneration
  1850 | D:2      | Found a burning altar of Makhleb.
  1850 | D:2      | Noticed a balrug
  1969 | D:2      | Noticed a moth of wrath
  1972 | D:2      | Found a bloodstained altar of Trog.
  1997 | D:2      | Reached skill level 4 in Charms
  2066 | D:2      | Reached XP level 4. HP: 10/29 MP: 0/9
  2554 | D:3      | Slain by a centaur zombie

Action                   |  1- 3 |  4- 6 || total
-------------------------+-------+-------++-------
Melee: Falchion          |   162 |     6 ||   168
       Dagger            |       |    14 ||    14
 Cast: Infusion          |    17 |     2 ||    19
       Shroud of Golubri |     4 |     1 ||     5
       Regeneration      |     1 |       ||     1
 Stab: Distracted        |     1 |       ||     1
       Sleeping          |     1 |       ||     1
  Eat: Chunk             |     4 |     1 ||     5
